 Dungeon Crawl Stone Soup version 0.27.0-1-g7a089689b8 (webtiles) character file.

Game seed: 7002481692634499889

1219 ZARRMARR the Thrower (level 8, 0/64 HPs)
             Began as a Hill Orc Fighter on July 31, 2021.
             Killed from afar by a steam dragon (11 damage)
             ... with a ball of steam
             ... on level 5 of the Dungeon on Aug 1, 2021.
             The game lasted 00:31:18 (6214 turns).

ZARRMARR the Thrower (Hill Orc Fighter)             Turns: 6214, Time: 00:31:18

Health: 0/64       AC: 10    Str: 21    XL:     8   Next: 47%
Magic:  8/8        EV:  7    Int:  8    God:
Gold:   245        SH:  9    Dex: 10    Spells: 7/7 levels left

rFire    . . .     SeeInvis .   a - +0 war axe
rCold    . . .     Faith    .   c - +0 kite shield
rNeg     . . .     Spirit   .   b - +0 scale mail
rPois    .         Reflect  .   l - +0 helmet
rElec    .         Harm     .   (no cloak)
rCorr    .         Rampage  .   h - +1 pair of gloves
Will     .....                  (no boots)
Stlth    ..........             (no amulet)
HPRegen  0.20/turn              (no ring)
MPRegen  0.11/turn              (no ring)

@: no status effects
A: no striking features
a: no special abilities


You were on level 5 of the Dungeon.
You visited 1 branch of the dungeon, and saw 5 of its levels.

You collected 245 gold pieces.

Inventory:

Hand Weapons
 a - a +0 war axe (weapon)
 k - a +1 dagger of electrocution
 m - a +3 hand axe
 o - a +7 spear
Missiles
 d - 248 stones (quivered)
 s - a curare-tipped dart
Armour
 b - a +0 scale mail (worn)
 c - a +0 kite shield (worn)
 h - a +1 pair of gloves (worn)
 l - a +0 helmet (worn)
Magical Staves
 u - a staff of earth
Wands
 f - a wand of flame (12)
Scrolls
 g - a scroll of fog
 t - a scroll of magic mapping {unknown}
Potions
 e - a potion of brilliance
 i - a potion of resistance
 j - 2 potions of cancellation
 n - a potion of magic {unknown}


   Skills:
 + Level 3.6 Fighting
 + Level 4.7 Axes
 + Level 8.5 Throwing
 + Level 3.3 Armour
 + Level 3.2 Shields


You had 7 spell levels left.
You didn't know any spells.
Your spell library contained the following spells:

 Spells                   Type           Power      Damage    Failure   Level
 Sting                    Tmut/Pois      0%         1d3       99%         1
 Ensorcelled Hibernation  Hex/Ice        0%         N/A       100%        2
 Poisonous Vapours        Pois/Air       0%         N/A       100%        2
 Spider Form              Tmut/Pois      0%         N/A       100%        3
 Olgreb's Toxic Radiance  Pois           0%         N/A       100%        4
 Shadow Creatures         Summ           N/A        N/A       100%        6


Dungeon Overview and Level Annotations

Branches:
Dungeon (5/15)
 Temple: D:4-7

Altars:
Gozag
Nemelex Xobeh
Okawaru

Annotations:
D:4 3 runed translucent doors, Tirrikindir's ghost, amateur OpFi


Message History

You are engulfed in a cloud of scalding steam.
The adder moves out of view.
You closely miss the steam dragon.
The steam dragon is almost dead.
The centaur zombie is engulfed in a cloud of scalding steam.
The steam dragon breathes steam at you. The ball of steam hits you!
* * * LOW HITPOINT WARNING * * *
The centaur zombie is engulfed in a cloud of scalding steam.
The steam dragon closely misses you. You block the steam dragon's attack.
You hear an angry hiss.
You feel much better.
You are engulfed in a cloud of scalding steam.
* * * LOW HITPOINT WARNING * * *
The centaur zombie is engulfed in a cloud of scalding steam.
You block the steam dragon's attack. x2
You hit the steam dragon but do no damage.
The steam dragon is almost dead.
You are engulfed in a cloud of scalding steam.
* * * LOW HITPOINT WARNING * * *
You block the steam dragon's attack.
The steam dragon claws you but does no damage.
You feel much better.
You are engulfed in a cloud of scalding steam.
The steam dragon bites you!
The steam dragon claws you but does no damage.
You closely miss the steam dragon.
The steam dragon is almost dead.
You are engulfed in a cloud of scalding steam.
* * * LOW HITPOINT WARNING * * *
The steam dragon bites you but does no damage.
You block the steam dragon's attack. The steam dragon barely misses you.
The steam dragon claws you.
* * * LOW HITPOINT WARNING * * *
You closely miss the steam dragon.
The steam dragon is almost dead.
The steam dragon looks more healthy.
The steam dragon breathes steam at you. The ball of steam hits you!
You die...

####.........#.###.#
..#.........#..##.# #
#.##.[......#..##.#
#.##.##[#'###+##...#.#
#.....!.#.# #.#.#.# ####.####..
#.#.#.# ..##.# #### #.#†#.#
#.##)# #. #.#...# ##### #.##.#
#. .#@##..## #...# #.##.# #.
#D#D#....####.#.#### #.##.# #?
.. #S#....#....#..... ..##.#
#.##. #Z#..>.#......#### #..).#
#..§ #.#.#..#..###.# #.#### #.§#
#(#.#.......#.###
#.#######.(#####.#.#...........#
.<.......§.D.§§(.#.#...........#
##################.#....#####†.#


You could see a steam dragon (catching breath), an adder and a centaur zombie.

Vanquished Creatures
  2 black bears
  A kobold brigand (D:5)
  4 scorpions
  A water moccasin skeleton (D:5)
  4 wights (D:5)
  A hound (D:5)
  2 centaur skeletons (D:4)
  2 iguanas
  A bullfrog skeleton (D:4)
  2 orc wizards (D:5)
  Ijyb (D:3)
  A killer bee zombie (D:5)
  2 hound skeletons
  Robin (D:4)
  12 adders
  An ufetubus (D:5)
  A worm (D:3)
  3 dart slugs
  12 orcs
  5 ball pythons
  7 bats
  10 endoplasms
  A giant cockroach (D:2)
  14 goblins
  9 hobgoblins
  7 jackals
  8 kobolds
  5 quokkas
  3 frilled lizards
  3 rats
126 creatures vanquished.

Vanquished Creatures (others)
  18 plants (D:4)
18 creatures vanquished.

Grand Total: 144 creatures vanquished

Notes
Turn   | Place    | Note
-------+----------+-------------------------------------------
     0 | D:1      | ZARRMARR the Hill Orc Fighter began the quest for the Orb.
     0 | D:1      | Reached XP level 1. HP: 19/19 MP: 1/1
   108 | D:1      | Reached XP level 2. HP: 23/26 MP: 2/2
   348 | D:1      | Found a faded altar of an unknown god.
   694 | D:1      | Reached XP level 3. HP: 31/31 MP: 3/3
  1255 | D:2      | Reached skill level 1 in Throwing
  1372 | D:2      | HP: 1/31 [poisoned by an adder]
  1384 | D:2      | Reached XP level 4. HP: 22/39 MP: 4/4
  1588 | D:2      | Reached skill level 2 in Throwing
  2027 | D:3      | Noticed Ijyb
  2037 | D:3      | Killed Ijyb
  2336 | D:3      | Reached skill level 3 in Throwing
  2336 | D:3      | Reached XP level 5. HP: 45/45 MP: 5/5
  3088 | D:4      | Reached skill level 4 in Throwing
  3135 | D:4      | Reached XP level 6. HP: 42/51 MP: 6/6
  3214 | D:4      | Found a runed translucent gate.
  3217 | D:4      | Found a runed translucent gate.
  3218 | D:4      | Found a runed translucent gate.
  3352 | D:4      | Reached skill level 5 in Throwing
  3774 | D:4      | Noticed Robin
  3787 | D:4      | Killed Robin
  3788 | D:4      | Reached XP level 7. HP: 50/57 MP: 7/7
  4011 | D:4      | Found an opulent altar of Gozag.
  4012 | D:4      | Found a sparkling altar of Nemelex Xobeh.
  4012 | D:4      | Found an iron altar of Okawaru.
  4226 | D:4      | Reached skill level 6 in Throwing
  4668 | D:4      | Noticed Tirrikindir's ghost (amateur OpFi)
  5042 | D:5      | Entered Level 5 of the Dungeon
  5169 | D:5      | Reached skill level 7 in Throwing
  5265 | D:5      | Reached XP level 8. HP: 52/64 MP: 8/8
  5656 | D:5      | Reached skill level 8 in Throwing
  6101 | D:5      | Found the +3 pair of gauntlets of War {Slay+5}
  6209 | D:5      | HP: 2/64 [steam dragon/ball of steam (12)]
  6214 | D:5      | Killed from afar by a steam dragon

Illustrated notes

Levels and vault maps discovered:
D:1:      matt_arrival_grand_opening, layout_loops_corners,
          hellmonk_ecumenical_altar_arch_garden
D:2:      layout_basic, grunt_ministairs_2
D:3:      layout_loops_ring, minivault_25, uniq_ijyb
D:4:      layout_gridville, chequers_temple_overflow_statue_of_worship,
          gammafunk_ghost_necromancy, minmay_misc_feat_tiny,
          serial_bayou_lagoon_a, minmay_stone_trees_small,
          kennysheep_cross_bottleneck, grunt_ministairs_4, uniq_robin
D:5:      layout_basic, fountainhead, corexii_hall_statues_l,
          due_unseen_surprise

Skill      XL: |  1  2  3  4  5  6  7  8 |
---------------+-------------------------+-----
Axes           | 3 4 |  4.7
Throwing       | 1 3 4 5 7 8 |  8.5
Fighting       | |  3.6
Armour         | |  3.3
Shields        | |  3.2

Action                   |  1- 3 |  4- 6 |  7- 9 || total
-------------------------+-------+-------+-------++-------
Melee: War axe           |    70 |   172 |   141 ||   383
Throw: Stone             |    19 |    93 |    24 ||   136
       Dart              |       |       |    29 ||    29
       Boomerang         |       |       |    46 ||    46
  Use: Potion            |     3 |     2 |     2 ||     7
       Scroll            |     6 |     1 |     3 ||    10
Armor: Scale mail        |    50 |    91 |    80 ||   221
Dodge: Dodged            |    36 |    59 |    44 ||   139
Block: Kite shield       |    54 |    90 |    79 ||   223
